 Dungeon Crawl Stone Soup version 0.31-a0-251-gdc1e01ee57 (webtiles) character file.

Game seed: 2789281976616270872

342234 qw the Slayer (level 21, -12/220 HPs)
             Began as a Minotaur Hexslinger on July 12, 2023.
             Was an Elder of Okawaru.
             Mangled by a spriggan berserker (illusionary)
             ... wielding a +0 broad axe
              (34 damage)
             ... on level 1 of the Depths.
             The game lasted 00:17:35 (33226 turns).

qw the Slayer (Minotaur Hexslinger)                Turns: 33226, Time: 00:17:36

Health: -12/220    AC: 23    Str: 16    XL:     21   Next: 10%
Magic:  27/27      EV: 49    Int: 10    God:    Okawaru [****..]
Gold:   3103       SH:  5    Dex: 33    Spells: 21/22 levels left

rFire   . . .        r - +2 triple crossbow
rCold   . . .        (shield currently unavailable)
rNeg    . . .        p - +0 troll leather armour
rPois   .            w - +1 hat {Will+}
rElec   +            x - +2 cloak of Fallacy {*Slow rElec Will+}
rCorr   .            o - +2 pair of gloves
SInv    .            f - +2 pair of slick slippers {slick, slippery, EV+4}
Will    ++++.        m - amulet of reflection
Stlth   ++++         y - ring "Nemicw" {Will+ AC+4 Dex+6}
HPRegen 1.36/turn    e - +6 ring of dexterity
MPRegen 0.20/turn

%: slow self (1%), reflection
@: lethally poisoned (-12 -> -13), about to teleport, heroic, slowed, very slow
A: horns 2, retaliatory headbutt, iridescent scales 1
}: 2/15 runes: decaying, serpentine
a: Renounce Religion, Heroism, Finesse


You were on level 1 of the Depths.
You worshipped Okawaru.
Okawaru was greatly pleased with you.
You visited 8 branches of the dungeon, and saw 36 of its levels.
You also visited: Gauntlet.

You collected 4387 gold pieces.
You spent 1284 gold pieces at shops.


Innate Abilities, Weirdness & Mutations

You have a pair of horns on your head.
You reflexively headbutt those who attack you in melee.
You are partially covered in iridescent scales. (AC +2)


   Skills:
 + Level 25.7(27) Fighting
 - Level 22.0(27) Ranged Weapons
 - Level 12.0(17.0) Armour
 - Level 22.0(27) Dodging
 - Level 1.0 Spellcasting
 - Level 2.0 Hexes
 - Level 10.0 Invocations


You had 21 spell levels left.
You knew the following spells:

 Your Spells              Type           Power      Damage    Failure   Level
a - Slow                  Hex            16%        N/A       17%         1

Your spell library contained the following spells:

 Spells                   Type           Power      Damage    Failure   Level
 Inner Flame              Hex/Fire       2%         N/A       58%         3
 Portal Projectile        Hex/Tloc       4%         N/A       58%         3
 Cause Fear               Hex            2%         N/A       86%         4

Inventory:

Hand Weapons
 r - a +2 triple crossbow (weapon)
Armour
 a - a +1 ring mail of fire resistance
 f - the +2 pair of slick slippers (worn) {slick, slippery, EV+4}
   (You acquired it on level 2 of the Lair of Beasts)

   Slick:     Its wearer cannot be constricted, engulfed, netted or webbed.
   Slippery:  Its wearer slips away from damaging melee attacks, pulling the
   attacker onward.
   EV:        It affects your evasion (+4).
 i - the +2 troll leather armour "Zoimnot" {Harm Will++ Regen+ SInv Stlth-}
   (Okawaru gifted it to you on level 2 of the Swamp)

   SInv:      It lets you see invisible.
   Regen:     It increases your rate of health regeneration.
   Harm:      It increases damage dealt and taken.
   Will:      It greatly increases your willpower.
   Stlth:     It makes you less stealthy.
 o - a +2 pair of gloves (worn)
 p - a +0 troll leather armour (worn)
 t - a +1 cloak
 w - a +1 hat of willpower (worn)
 x - the +2 cloak of Fallacy (worn) {*Slow rElec Will+}
   (You acquired it on level 4 of the Vaults)

   rElec:     It insulates you from electricity.
   *Slow:     It may slow you when you take damage.
   Will:      It increases your willpower.
Jewellery
 e - a +6 ring of dexterity (right hand)
 m - an amulet of reflection (around neck)
 y - the ring "Nemicw" (left hand) {Will+ AC+4 Dex+6}
   (You found it on level 11 of the Dungeon)

   [ring of protection]

   AC:        It affects your AC (+4).
   Dex:       It affects your dexterity (+6).
   Will:      It increases your willpower.
Wands
 v - a wand of digging (27)
Scrolls
 h - 19 scrolls of identify
 j - 26 scrolls of teleportation
Potions
 b - 11 potions of heal wounds
 c - 8 potions of mutation
 d - 2 potions of cancellation
 g - 3 potions of haste
 k - 4 potions of enlightenment
 l - 11 potions of curing
 q - 6 potions of might
 u - 2 potions of magic

Dungeon Overview and Level Annotations

Branches:
Dungeon (15/15)            Temple (1/1) D:5            Lair (5/5) D:10
  Swamp (4/4) Lair:3        Snake (4/4) Lair:3        Slime (0/5) Lair:4
    Orc (2/2) D:9             Elf (0/3) Orc:2        Vaults (4/5) D:13
  Crypt (0/3) Vaults:3     Depths (1/4) D:15        Gauntlet (visited)

Altars:
Ashenzari
Cheibriados
Dithmenos
Elyvilon
Fedhas
Gozag
Hepliaklqana
Kikubaaqudgha
Makhleb
Nemelex Xobeh
Okawaru
Qazlal
Ru
Sif Muna
Trog
Uskayaw
Vehumet
Wu Jian
Xom
Yredelemnul
Zin
The Shining One
Jiyva
Lugonu

Shops:
D:7 [:?   D:9 :   Orc:2 !?*:   Snake:1 *[   Snake:3 [   Vaults:4 =

Portals:
Abyss: Swamp:2
Trove: D:11 (give +6 demon blade)

Annotations:
D:13 2 runed translucent doors, qw's ghost, journeyman GrHs
Swamp:2 2 transporters, Ricegish's ghost, adept GnFi
Vaults:3 8 runed translucent doors, SlowGraham's ghost, legendary KoMo
Vaults:4 2 runed translucent doors, qw's ghost, adept GrFi


Message History

You shoot a bolt. The bolt hits the frost giant!!!
You kill the frost giant!
Okawaru accepts your kill.
You feel very sick.
The elephant rages.
The polar bear completely misses you. You furiously retaliate!
You headbutt the polar bear! The polar bear completely misses you.
The polar bear closely misses you.
The spriggan berserker hits you with a +0 broad axe!
The elephant rages.
The spriggan air mage waves its arms in wide circles.
The air twists around and strikes you.
The spriggan air mage completely misses you.
You furiously retaliate!
You headbutt the spriggan air mage.
The purple ugly thing closely misses you.
The white ugly thing closely misses you.
You furiously retaliate!
You headbutt the white ugly thing. You block the polar bear's attack.
The polar bear completely misses you. x2
You block the ice dragon's attack. The ice dragon completely misses you.
The ice dragon tramples you but does no damage.
The deep troll earth mage bites you!
The deep troll earth mage completely misses you.
The deep troll earth mage barely misses you.
The rakshasa barely misses you. You furiously retaliate!
You headbutt the rakshasa.
The spriggan berserker hits you with a +0 broad axe!
The purple ugly thing barely misses you.
You furiously retaliate!
You headbutt the purple ugly thing, but do no damage.
The spriggan air mage waves its arms in wide circles.
The air twists around and strikes you.
33226 ||| READING 27 scrolls of teleportation.
As you read the scroll of teleportation, it crumbles to dust.
You feel strangely unstable.
You feel sick. The polar bear completely misses you. You furiously retaliate!
You headbutt the polar bear!
The polar bear completely misses you. x2
The spriggan berserker completely misses you.
You furiously retaliate!
You headbutt the spriggan berserker!
The spriggan berserker hits you with a +0 broad axe!!
You die...

.. ............ ...
...........
...#..........
#.#..........
#............
###.i.Yh............
....iihiu..........#
#i@uD.........#
#TDR....~~~..##
#.......~~~....
........~~~....
....T....~~~....
..T..!...<.~~..#
.....T..........#
.................#
............##


You could see 2 ice dragons, an iron troll, an elephant (summoned, berserk), 2
ugly things, a rakshasa, a spriggan rider, 2 deep trolls, 2 spriggan berserkers,
2 spriggan air magi, a deep troll earth mage and 2 polar bears.

Vanquished Creatures
  Mennas (Vaults:4)
  Bai Suzhen (Vaults:4)
  Jory (Vaults:2)
  Nikola (Swamp:1)
  2 tentacled monstrosities (Swamp:4)
  Asterion (Snake:1)
  A lich (Depths:1)
  2 sphinxes (Vaults:1)
  Donald (Vaults:2)
  Aizul (Snake:1)
  A frost giant (Depths:1)
  5 fenstrider witches (Swamp:4)
  2 nagarajas
  Louise (D:14)
  10 vault wardens
  A ghoul (Swamp:4)
  A deep elf sorcerer (Vaults:3)
  12 ironbound preservers
  A war gargoyle (D:13)
  2 orc warlords
  2 formless jellyfish
  7 ironbound thunderhulks
  2 stone giants
  4 eleionomae
  A minotaur (Gauntlet)
  A deep elf annihilator (Vaults:1)
  14 dire elephants
  A vampire knight (Vaults:3)
  6 bunyips
  Azrael (D:15)
  Snorg (D:11)
  Josephine (D:14)
  3 ettins
  A green death (Swamp:4)
  An entropy weaver (Vaults:2)
  A blizzard demon (Swamp:4)
  6 shambling mangroves
  8 great orbs of eyes
  Harold (D:10)
  7 vault guards
  2 catoblepae
  14 yaktaur captains
  5 ogre magi
  7 salamander tyrants
  A ghost crab (Swamp:4)
  12 hydras
  13 ironbound frosthearts
  9 two-headed ogres
  10 anacondas
  8 alligators
  7 boulder beetles
  10 centaur warriors
  4 death yaks (Lair:5)
  3 tengu warriors (D:13)
  19 naga warriors
  2 spriggan berserkers
  A death scarab (Gauntlet)
  8 shock serpents
  5 orc high priests (Orc:2)
  6 naga sharpshooters
  Amaemon (D:10)
  6 salamander mystics
  8 skeletal warriors
  A soul eater (Vaults:3)
  3 skysharks
  16 deep trolls
  A sixfirhy (Swamp:4)
  5 naga ritualists
  10 spriggan druids
  3 sea snakes (Snake:1)
  8 goliath frogs
  4 bog bodies
  2 swamp dragons
  Pikel (D:8)
  8 lindwurms
  5 wizards
  4 harpies (Vaults:1)
  11 orc knights
  A deep elf zephyrmancer (Swamp:4)
  11 ironbound convokers
  A necromancer (Vaults:3)
  3 deep elf pyromancers
  3 orc sorcerers
  11 mana vipers
  6 manticores
  29 ugly things
  7 will-o-the-wisps
  23 salamanders
  8 elephants
  13 vault sentinels
  2 cyclopes (D:13)
  18 naga magi
  A water nymph (shapeshifter) (Vaults:3)
  An ice statue (D:13)
  2 torpor snails
  50 black mambas
  12 guardian serpents
  5 orange demons
  A cane toad (shapeshifter) (D:14)
  11 cane toads
  2 rime drakes (Lair:4)
  2 efreet
  2 freezing wraiths
  11 komodo dragons
  3 unseen horrors (D:13)
  28 yaktaurs
  A tengu conjurer (D:13)
  2 ice devils (Lair:2)
  7 trolls
  A troll (shapeshifter) (D:13)
  3 meliai (D:15)
  A polar bear (shapeshifter) (D:14)
  9 polar bears
  14 tyrant leeches
  3 bloated husks
  27 hornets
  11 blink frogs
  2 hellwings (Swamp:4)
  A spectral dream sheep (Gauntlet)
  29 slime creatures
  A centaur simulacrum (D:14)
  2 shadows
  31 spriggans
  2 vampires
  8 wyverns
  Eustachio (D:5)
  75 yaks
  8 basilisks
  6 wraiths
  2 redbacks (Vaults:2)
  2 steam dragons
  18 vampire mosquitoes
  Menkaure (D:5)
  3 neqoxecs (Swamp:4)
  3 wargs
  18 swamp worms
  An acid dragon (D:13)
  Edmund (D:6)
  54 nagas
  20 water moccasins
  5 hell hounds (D:15)
  4 swamp drakes
  37 orc warriors
  A sky beast (D:7)
  3 black bears
  3 ice beasts
  10 boggarts
  6 ogres
  39 wolves
  12 centaurs
  4 lemures (D:8)
  2 phantoms
  5 kobold brigands
  12 bullfrogs
  A gnoll sergeant (D:5)
  3 scorpions
  A wight (D:6)
  3 killer bees (D:11)
  4 howler monkeys
  An electric eel (Snake:1)
  31 orc priests
  5 hounds
  6 jellies (Lair:4)
  2 gnoll boudas
  3 iguanas
  A sleepcap (D:6)
  18 orc wizards
  Robin (D:3)
  2 adders
  13 gnolls
  2 shadow imps
  A white imp (D:8)
  An ufetubus (D:6)
  6 worms
  82 orcs
  6 bats
  8 endoplasms
  8 giant cockroaches
  19 goblins
  16 hobgoblins
  38 kobolds
  2 quokkas
  6 ball pythons
  5 frilled lizards
  4 rats
  A spectral goblin (D:1)
  A spectral weapon (Snake:1)
1439 creatures vanquished.

Vanquished Creatures (others)
  2 bloated husks
  A spriggan (Swamp:1)
  2 vampire mosquitoes (Swamp:1)
  An orc wizard (D:9)
  20 foxfires
26 creatures vanquished.

Grand Total: 1465 creatures vanquished

Notes
Turn   | Place    | Note
-------+----------+-------------------------------------------
     0 | D:1      | qw the Minotaur Hexslinger began the quest for the Orb.
     0 | D:1      | Reached XP level 1. HP: 16/16 MP: 1/1
     0 | D:1      | 0 ||| qw: Version: 0.3-a-52-g30416fa
     0 | D:1      | 0 ||| qw: Game counter: 6585
     0 | D:1      | 0 ||| qw: Melee chars always use a shield: true
     0 | D:1      | 0 ||| qw: God list: Okawaru
     0 | D:1      | 0 ||| qw: Allow faded altars: false
     0 | D:1      | 0 ||| qw: Do Orc after clearing Dungeon:15 true
     0 | D:1      | 0 ||| qw: Do second Lair branch before Depths: true
     0 | D:1      | 0 ||| qw: Lair rune preference: random
     0 | D:1      | 0 ||| qw: Goals: Normal
     0 | D:1      | 0 ||| PLANNING D:1-11
   238 | D:1      | Reached skill level 3 in Ranged Weapons
   238 | D:1      | Reached XP level 2. HP: 22/23 MP: 2/2
   339 | D:1      | Reached skill level 2 in Fighting
   502 | D:1      | 502 ||| FLEEEEING.
   504 | D:1      | 504 ||| FLEEEEING.
   505 | D:1      | 505 ||| FLEEEEING.
   506 | D:1      | 506 ||| FLEEEEING.
   507 | D:1      | 507 ||| FLEEEEING.
   508 | D:1      | 508 ||| FLEEEEING.
   509 | D:1      | 509 ||| FLEEEEING.
   510 | D:1      | 510 ||| FLEEEEING.
   511 | D:1      | 511 ||| FLEEEEING.
   512 | D:1      | 512 ||| FLEEEEING.
   513 | D:1      | 513 ||| FLEEEEING.
   514 | D:1      | 514 ||| FLEEEEING.
   515 | D:1      | 515 ||| FLEEEEING.
   516 | D:1      | 516 ||| FLEEEEING.
   517 | D:1      | 517 ||| FLEEEEING.
   518 | D:1      | 518 ||| FLEEEEING.
   519 | D:1      | 519 ||| FLEEEEING.
   520 | D:1      | 520 ||| FLEEEEING.
   521 | D:1      | 521 ||| FLEEEEING.
   522 | D:1      | 522 ||| FLEEEEING.
   523 | D:1      | 523 ||| FLEEEEING.
   524 | D:1      | 524 ||| FLEEEEING.
   526 | D:1      | 526 ||| FLEEEEING.
   527 | D:1      | 527 ||| FLEEEEING.
   528 | D:1      | 528 ||| FLEEEEING.
   529 | D:1      | 529 ||| FLEEEEING.
   530 | D:1      | 530 ||| FLEEEEING.
   531 | D:1      | 531 ||| FLEEEEING.
   532 | D:1      | 532 ||| FLEEEEING.
   533 | D:1      | 533 ||| FLEEEEING.
   534 | D:1      | 534 ||| FLEEEEING.
   545 | D:1      | Reached XP level 3. HP: 24/29 MP: 3/3
   606 | D:1      | Found a faded altar of an unknown god.
   838 | D:1      | 838 ||| UPGRADING to +0 pair of boots.
   843 | D:1      | 843 ||| UPGRADING to +0 ring mail.
   853 | D:1      | 853 ||| DROPPING +0 robe.
   854 | D:1      | 854 ||| UPGRADING to ring of poison resistance.
   855 | D:1      | 855 ||| UPGRADING to +6 ring of dexterity.
   856 | D:1      | 856 ||| READING scroll labelled FES QAMYUNUOL.
   857 | D:1      | 857 ||| READING 2 scrolls labelled QIESITZEICASS.
   860 | D:1      | 860 ||| DROPPING scroll of poison.
  1495 | D:2      | Reached skill level 1 in Armour
  1685 | D:2      | 1685 ||| DRINKING 4 fuming blue potions.
  1790 | D:2      | 1790 ||| DROPPING 3 potions of berserk rage.
  1906 | D:3      | Reached XP level 4. HP: 36/36 MP: 4/4
  2022 | D:3      | Found a sparkling altar of Nemelex Xobeh.
  2110 | D:3      | Found a burning altar of Makhleb.
  2183 | D:3      | Noticed Robin
  2194 | D:3      | Killed Robin
  2344 | D:3      | 2344 ||| FLEEEEING.
  2779 | D:3      | 2779 ||| UPGRADING to +0 pair of gloves.
  2784 | D:3      | 2784 ||| READING 2 scrolls labelled FUTTOI RIZETU.
  2784 | D:3      | Identified 2 scrolls of acquirement
  2784 | D:3      | 2784 ||| ACQUIRING +1 orcbow of freezing
  2784 | D:3      | Acquired a +1 orcbow of freezing
  2786 | D:3      | 2786 ||| SWAPPING to +1 orcbow of freezing.
  2787 | D:3      | 2787 ||| DROPPING +1 sling.
  2788 | D:3      | 2788 ||| READING scroll of acquirement.
  2788 | D:3      | 2788 ||| ACQUIRING +2 longbow of freezing
  2788 | D:3      | Acquired a +2 longbow of freezing
  2790 | D:3      | 2790 ||| SWAPPING to +2 longbow of freezing.
  2791 | D:3      | 2791 ||| DROPPING +1 orcbow of freezing.
  2792 | D:3      | 2792 ||| READING scroll labelled MIKURCHAPSE.
  2793 | D:3      | 2793 ||| READING scroll labelled ZUSTIN FILADARGH.
  2794 | D:3      | 2794 ||| DRINKING 2 silvery potions.
  2822 | D:4      | 2822 ||| READING scroll of acquirement.
  2822 | D:4      | 2822 ||| ACQUIRING 817 gold pieces
  2822 | D:4      | Acquired 817 gold pieces
  2889 | D:4      | Noticed a phantom
  2894 | D:4      | Killed a phantom
  2895 | D:4      | Reached skill level 4 in Fighting
  2895 | D:4      | Reached XP level 5. HP: 46/46 MP: 5/5
  2911 | D:4      | 2911 ||| Stepping ~*~*~tactically~*~*~ (outnumbered).
  2928 | D:4      | 2928 ||| FLEEEEING.
  2929 | D:4      | 2929 ||| FLEEEEING.
  2986 | D:4      | Reached XP level 6. HP: 52/52 MP: 6/6
  2994 | D:4      | Reached skill level 6 in Ranged Weapons
  3269 | D:4      | 3269 ||| UPGRADING to +1 ring mail of fire resistance.
  3279 | D:4      | 3279 ||| DROPPING +0 ring mail.
  3280 | D:4      | 3280 ||| READING scroll labelled NAIDGH WAMUAH.
  3281 | D:4      | 3281 ||| DRINKING 3 lumpy silvery potions.
  3282 | D:4      | 3282 ||| DRINKING 2 fuming dark potions.
  3283 | D:4      | 3283 ||| DRINKING 2 potions of curing.
  3283 | D:4      | 3283 ||| (to cure confusion)
  3284 | D:4      | 3284 ||| READING 2 scrolls of identify.
  3284 | D:4      | 3284 ||| IDENTIFYING grey potion
  3285 | D:4      | 3285 ||| DROPPING potion of ambrosia.
  3321 | D:5      | Entered Level 5 of the Dungeon
  3326 | D:5      | Reached XP level 7. HP: 59/59 MP: 7/7
  3411 | D:5      | Found a blossoming altar of Fedhas.
  3428 | D:5      | Found a broken altar of Ashenzari.
  3437 | D:5      | Reached skill level 3 in Dodging
  3746 | D:5      | Noticed Menkaure
  3749 | D:5      | Killed Menkaure
  3750 | D:5      | Reached skill level 5 in Fighting
  3781 | D:5      | Noticed Eustachio
  3795 | D:5      | Killed Eustachio
  3796 | D:5      | Reached XP level 8. HP: 69/69 MP: 8/8
  3849 | D:5      | Reached skill level 9 in Ranged Weapons
  3863 | D:5      | Found a staircase to the Ecumenical Temple.
  3864 | D:5      | 3864 ||| PLANNING TEMPLE
  3868 | Temple   | Entered the Ecumenical Temple
  3875 | Temple   | 3875 ||| PLANNING OKAWARU WORSHIP
  3905 | Temple   | Became a worshipper of Warmaster Okawaru
  3906 | Temple   | 3906 ||| PLANNING D:1-11
  3965 | D:5      | Noticed a hornet
  3973 | D:5      | Killed a hornet
  3974 | D:5      | Reached skill level 6 in Fighting
  4181 | D:5      | Identified the +3 flail "Raac" {drain, rN++}
  4219 | D:5      | 4219 ||| FLEEEEING.
  4220 | D:5      | 4220 ||| STAIRDANCE
  4590 | D:5      | 4590 ||| READING scroll labelled JOOHATW FADWUA.
  4717 | D:6      | 4717 ||| Stepping ~*~*~tactically~*~*~ (outnumbered).
  4720 | D:6      | Noticed Edmund
  4731 | D:6      | Killed Edmund
  4858 | D:6      | Reached * piety under Okawaru
  4882 | D:6      | Found a radiant altar of Vehumet.
  4882 | D:6      | Found a hazy altar of Hepliaklqana.
  4890 | D:6      | Reached skill level 3 in Armour
  4900 | D:6      | Reached skill level 7 in Fighting
  4900 | D:6      | Reached skill level 1 in Invocations
  4925 | D:6      | 4925 ||| INVOKING Heroism.
  4929 | D:6      | Reached XP level 9. HP: 79/79 MP: 6/9
  5109 | D:6      | Found a shimmering blue altar of Sif Muna.
  5285 | D:6      | Noticed a troll
  5286 | D:6      | 5286 ||| INVOKING Heroism.
  5289 | D:6      | Killed a troll
  5489 | D:6      | Found an ornate altar of the Wu Jian Council.
  5497 | D:6      | 5497 ||| READING scroll labelled NYSEX NIELAMM.
  5498 | D:6      | 5498 ||| READING scroll labelled TOSTA BAUXT.
  5517 | D:7      | Reached skill level 3 in Invocations
  5627 | D:7      | Found Yddam's Magic Scroll Shop.
  5635 | D:7      | 5635 ||| BUYING 2 scrolls of teleportation (84 gold).
  5635 | D:7      | Bought 2 scrolls of teleportation for 84 gold pieces
  5635 | D:7      | 5635 ||| BUYING scroll of identify (28 gold).
  5635 | D:7      | Bought a scroll of identify for 28 gold pieces
  5635 | D:7      | 5635 ||| BUYING scroll of identify (28 gold).
  5635 | D:7      | Bought a scroll of identify for 28 gold pieces
  5635 | D:7      | 5635 ||| BUYING scroll of teleportation (42 gold).
  5635 | D:7      | Bought a scroll of teleportation for 42 gold pieces
  5635 | D:7      | 5635 ||| BUYING scroll of teleportation (42 gold).
  5635 | D:7      | Bought a scroll of teleportation for 42 gold pieces
  5653 | D:7      | 5653 ||| Stepping ~*~*~tactically~*~*~ (outnumbered).
  5716 | D:7      | Found Ravygh's Book Boutique.
  5932 | D:7      | Found a snail-covered altar of Cheibriados.
  5938 | D:7      | 5938 ||| INVOKING Heroism.
  5955 | D:7      | 5955 ||| READING scroll labelled ACENAI ENLAIPT.
  5956 | D:7      | 5956 ||| DRINKING 2 golden potions.
  5957 | D:7      | 5957 ||| READING 3 scrolls of identify.
  5957 | D:7      | 5957 ||| IDENTIFYING viscous clear potion
  5958 | D:7      | 5958 ||| READING 2 scrolls of identify.
  5958 | D:7      | 5958 ||| IDENTIFYING coppery potion
  6019 | D:7      | Found Hafuecos's Antique Armour Shop.
  6027 | D:7      | 6027 ||| BUYING pair of faintly glowing boots (228 gold).
  6027 | D:7      | Bought a pair of faintly glowing boots for 228 gold pieces
  6027 | D:7      | Identified the -1 pair of boots of Weightlessness {Fly
                  | Will+ Dex-3} (You bought it in a shop on level 7 of the
                  | Dungeon)
  6027 | D:7      | 6027 ||| BUYING pair of runed gloves (180 gold).
  6027 | D:7      | Bought a pair of runed gloves for 180 gold pieces
  6037 | D:7      | 6037 ||| INVOKING Heroism.
  6107 | D:7      | Found a sacrificial altar of Ru.
  6191 | D:7      | Found a shadowy altar of Dithmenos.
  6396 | D:7      | 6396 ||| UPGRADING to -1 pair of boots of Weightlessness
                  | {Fly Will+ Dex-3}.
  6406 | D:7      | 6406 ||| DROPPING +0 pair of gloves of hurling.
  6407 | D:7      | 6407 ||| UPGRADING to +0 cloak.
  6412 | D:7      | 6412 ||| READING 2 scrolls of identify.
  6412 | D:7      | 6412 ||| IDENTIFYING inky potion
  6413 | D:7      | 6413 ||| DROPPING potion of brilliance.
  6458 | D:8      | Noticed Pikel
  6459 | D:8      | 6459 ||| INVOKING Heroism.
  6472 | D:8      | Killed Pikel
  6477 | D:8      | 6477 ||| FLEEEEING.
  6478 | D:8      | 6478 ||| FLEEEEING.
  6482 | D:8      | 6482 ||| STAIRDANCE
  6542 | D:8      | 6542 ||| INVOKING Heroism.
  6637 | D:8      | 6637 ||| INVOKING Heroism.
  6643 | D:8      | 6643 ||| Stepping ~*~*~tactically~*~*~ (outnumbered).
  6651 | D:8      | Reached ** piety under Okawaru
  6654 | D:8      | Reached XP level 10. HP: 69/86 MP: 12/12
  6661 | D:8      | 6661 ||| INVOKING Heroism.
  6675 | D:8      | 6675 ||| INVOKING Heroism.
  6823 | D:8      | 6823 ||| READING scroll of enchant armour.
  6823 | D:8      | 6823 ||| ENCHANTING +0 pair of gloves.
  6827 | D:8      | 6827 ||| READING scroll of enchant weapon.
  6827 | D:8      | 6827 ||| ENCHANTING +3 longbow of draining.
  6938 | D:8      | Noticed a two-headed ogre
  6939 | D:8      | 6939 ||| INVOKING Heroism.
  6943 | D:8      | Killed a two-headed ogre
  6944 | D:8      | Reached skill level 12 in Ranged Weapons
  7017 | D:8      | 7017 ||| INVOKING Heroism.
  7019 | D:8      | Reached skill level 8 in Fighting
  7421 | D:8      | 7421 ||| READING scroll labelled EDWUAG IMIPTUNAO.
  7438 | D:8      | Reached *** piety under Okawaru
  7469 | D:9      | 7469 ||| INVOKING Heroism.
  7568 | D:9      | Found Bysarphu's Book Shop.
  7603 | D:9      | 7603 ||| READING scroll of brand weapon.
  7603 | D:9      | 7603 ||| BRANDING +4 longbow of draining.
  7890 | D:9      | 7890 ||| INVOKING Heroism.
  7897 | D:9      | Reached skill level 9 in Fighting
  7909 | D:9      | 7909 ||| INVOKING Heroism.
  7913 | D:9      | Reached skill level 6 in Dodging
  7921 | D:9      | 7921 ||| FLEEEEING.
  7922 | D:9      | 7922 ||| FLEEEEING.
  7923 | D:9      | 7923 ||| FLEEEEING.
  7927 | D:9      | 7927 ||| FLEEEEING.
  7982 | D:9      | Found a staircase to the Orcish Mines.
  8012 | D:9      | 8012 ||| INVOKING Heroism.
  8131 | D:9      | 8131 ||| DROPPING ring of positive energy.
  8132 | D:9      | 8132 ||| READING 2 scrolls of identify.
  8132 | D:9      | 8132 ||| IDENTIFYING murky silvery potion
  8156 | D:10     | Entered Level 10 of the Dungeon
  8156 | D:10     | Noticed a two-headed ogre
  8157 | D:10     | 8157 ||| INVOKING Heroism.
  8160 | D:10     | Killed a two-headed ogre
  8197 | D:10     | 8197 ||| INVOKING Heroism.
  8202 | D:10     | Reached XP level 11. HP: 85/97 MP: 10/13
  8276 | D:10     | 8276 ||| INVOKING Heroism.
  8299 | D:10     | Identified the +1 quarterstaff of Twilight {heavy, Fly
                  | Str-2 Dex+6 Stlth+}
  8319 | D:10     | Noticed a two-headed ogre
  8320 | D:10     | 8320 ||| INVOKING Heroism.
  8320 | D:10     | Noticed Amaemon
  8323 | D:10     | Killed a two-headed ogre
  8328 | D:10     | Killed Amaemon
  8328 | D:10     | Reached **** piety under Okawaru
  8329 | D:10     | Reached skill level 10 in Fighting
  8600 | D:10     | Noticed a centaur warrior
  8798 | D:10     | 8798 ||| INVOKING Heroism.
  8802 | D:10     | Noticed Harold
  8803 | D:10     | 8803 ||| Stepping ~*~*~tactically~*~*~ (outnumbered).
  8806 | D:10     | 8806 ||| Stepping ~*~*~tactically~*~*~ (outnumbered).
  8815 | D:10     | 8815 ||| INVOKING Heroism.
  8817 | D:10     | Killed Harold
  8980 | D:10     | Found a staircase to the Lair.
  8993 | D:10     | Identified the +0 robe "Dithreugh" {Harm}
  9088 | D:10     | Found a glowing golden altar of the Shining One.
  9088 | D:10     | Found a white marble altar of Elyvilon.
  9090 | D:10     | Found a glowing silver altar of Zin.
  9113 | D:10     | 9113 ||| PLANNING LAIR
  9113 | D:10     | 9113 ||| DROPPING +0 pair of boots.
  9114 | D:10     | 9114 ||| DROPPING +0 robe "Dithreugh" {Harm}.
  9115 | D:10     | 9115 ||| UPGRADING to +2 pair of boots.
  9125 | D:10     | 9125 ||| DROPPING -1 pair of boots of Weightlessness {Fly
                  | Will+ Dex-3}.
  9126 | D:10     | 9126 ||| UPGRADING to amulet of regeneration.
  9131 | D:10     | 9131 ||| READING scroll labelled EVITUA SEOPNY.
  9132 | D:10     | 9132 ||| READING 3 scrolls of identify.
  9132 | D:10     | 9132 ||| IDENTIFYING emerald potion
  9133 | D:10     | 9133 ||| DROPPING potion of attraction.
  9194 | Lair:1   | Entered Level 1 of the Lair of Beasts
  9230 | Lair:1   | 9230 ||| INVOKING Heroism.
  9306 | Lair:1   | Reached skill level 6 in Invocations
  9346 | Lair:1   | 9346 ||| INVOKING Heroism.
  9348 | Lair:1   | Received a gift from Okawaru
  9383 | Lair:1   | Reached ***** piety under Okawaru
  9392 | Lair:1   | Reached skill level 15 in Ranged Weapons
  9393 | Lair:1   | 9393 ||| INVOKING Heroism.
  9398 | Lair:1   | Reached skill level 6 in Armour
  9516 | Lair:1   | 9516 ||| INVOKING Heroism.
  9527 | Lair:1   | Reached XP level 12. HP: 107/107 MP: 14/16
  9562 | Lair:1   | 9562 ||| INVOKING Heroism.
 10001 | Lair:1   | 10001 ||| INVOKING Heroism.
 10006 | Lair:1   | HP: 22/107 [black mamba (8)]
 10007 | Lair:1   | 10007 ||| READING 8 scrolls of teleportation.
 10008 | Lair:1   | 10008 ||| DRINKING 3 potions of heal wounds.
 10230 | Lair:1   | Noticed a four-headed hydra
 10231 | Lair:1   | 10231 ||| Stepping ~*~*~tactically~*~*~ (water).
 10233 | Lair:1   | 10233 ||| INVOKING Heroism.
 10237 | Lair:1   | Killed a four-headed hydra
 10364 | Lair:1   | 10364 ||| READING scroll labelled JIUDAST AHEZAWN.
 10392 | Lair:2   | 10392 ||| STAIRDANCE
 10416 | Lair:2   | 10416 ||| READING scroll of acquirement.
 10416 | Lair:2   | 10416 ||| ACQUIRING +2 pair of slick slippers {slick,
                  | slippery, EV+4}
 10416 | Lair:2   | Acquired the +2 pair of slick slippers {slick, slippery,
                  | EV+4}
 10416 | Lair:2   | Found the +2 pair of slick slippers {slick, slippery, EV+4}
 10418 | Lair:2   | 10418 ||| UPGRADING to +2 pair of slick slippers {slick,
                  | slippery, EV+4}.
 10428 | Lair:2   | 10428 ||| DROPPING +2 pair of boots.
 10456 | Lair:2   | 10456 ||| INVOKING Heroism.
 10463 | Lair:2   | Reached skill level 9 in Invocations
 10477 | Lair:2   | Identified the +8 shortbow of the Eel {heavy, rElec Str-5
                  | Int+4 Dex+6} (Okawaru gifted it to you on level 2 of the
                  | Lair of Beasts)
 10477 | Lair:2   | Received a gift from Okawaru
 10511 | Lair:2   | 10511 ||| INVOKING Heroism.
 11061 | Lair:2   | Reached skill level 11 in Fighting
 11170 | Lair:2   | 11170 ||| DROPPING ring of resist corrosion.
 11171 | Lair:2   | 11171 ||| DROPPING ring of magical power.
 11172 | Lair:2   | 11172 ||| READING scroll labelled XIXTESTEYNO.
 11194 | Lair:3   | 11194 ||| PLANNING GAUNTLET
 11315 | Lair:3   | 11315 ||| INVOKING Heroism.
 11345 | Lair:3   | Noticed a boulder beetle
 11346 | Lair:3   | 11346 ||| INVOKING Finesse.
 11349 | Lair:3   | Killed a boulder beetle
 11399 | Lair:3   | 11399 ||| INVOKING Heroism.
 11414 | Lair:3   | Found a gate leading to a gauntlet.
 11423 | Gauntlet | Entered a Gauntlet
 11423 | Gauntlet | Found a transporter.
 11423 | Gauntlet | Found a transporter.
 11423 | Gauntlet | Found a transporter.
 11424 | Gauntlet | Found a transporter.
 11428 | Gauntlet | Found a transporter.
 11430 | Gauntlet | Found a transporter.
 11434 | Gauntlet | Found a transporter.
 11436 | Gauntlet | Noticed a death scarab
 11437 | Gauntlet | Found a transporter.
 11439 | Gauntlet | Found a transporter.
 11440 | Gauntlet | Found a transporter.
 11447 | Gauntlet | Found a transporter.
 11447 | Gauntlet | Found a transporter.
 11540 | Gauntlet | Found a runed translucent door.
 11598 | Gauntlet | 11598 ||| INVOKING Heroism.
 11600 | Gauntlet | Reached XP level 13. HP: 116/116 MP: 16/19
 11651 | Gauntlet | 11651 ||| INVOKING Heroism.
 11697 | Gauntlet | 11697 ||| READING scroll of enchant weapon.
 11697 | Gauntlet | 11697 ||| ENCHANTING +4 heavy longbow.
 11703 | Gauntlet | 11703 ||| INVOKING Heroism.
 11751 | Gauntlet | Noticed a minotaur
 11752 | Gauntlet | 11752 ||| INVOKING Heroism.
 11753 | Gauntlet | 11753 ||| INVOKING Finesse.
 11755 | Gauntlet | Killed a minotaur
 11756 | Gauntlet | Reached skill level 9 in Dodging
 11874 | Lair:3   | 11874 ||| PLANNING LAIR
 11903 | Lair:3   | 11903 ||| INVOKING Heroism.
 12074 | Lair:3   | 12074 ||| INVOKING Heroism.
 12151 | Lair:3   | 12151 ||| INVOKING Heroism.
 12227 | Lair:3   | 12227 ||| READING scroll of enchant weapon.
 12227 | Lair:3   | 12227 ||| ENCHANTING +5 heavy longbow.
 12283 | Lair:3   | Found a staircase to the Snake Pit.
 12437 | Lair:3   | Found a staircase to the Swamp.
 12445 | Lair:3   | Reached skill level 18 in Ranged Weapons
 12542 | Lair:3   | 12542 ||| DROPPING amulet of magic regeneration.
 12683 | Lair:4   | 12683 ||| INVOKING Heroism.
 12731 | Lair:4   | Reached skill level 12 in Fighting
 12739 | Lair:4   | Identified the +0 robe of the Wilderness {rCorr Dex+2
                  | Stlth+} (Okawaru gifted it to you on level 4 of the Lair of
                  | Beasts)
 12739 | Lair:4   | Received a gift from Okawaru
 12740 | Lair:4   | 12740 ||| INVOKING Heroism.
 12753 | Lair:4   | 12753 ||| INVOKING Finesse.
 12758 | Lair:4   | 12758 ||| Stepping ~*~*~tactically~*~*~ (cloud).
 12804 | Lair:4   | 12804 ||| INVOKING Heroism.
 12873 | Lair:4   | 12873 ||| INVOKING Heroism.
 12940 | Lair:4   | Found a staircase to the Slime Pits.
 12940 | Lair:4   | Found a viscous altar of Jiyva.
 13040 | Lair:4   | 13040 ||| INVOKING Heroism.
 13261 | Lair:4   | 13261 ||| INVOKING Heroism.
 13344 | Lair:4   | 13344 ||| DROPPING +0 robe of the Wilderness {rCorr Dex+2
                  | Stlth+}.
 13347 | Lair:5   | Entered Level 5 of the Lair of Beasts
 13351 | Lair:5   | 13351 ||| STAIRDANCE
 13354 | Lair:4   | 13354 ||| INVOKING Heroism.
 13479 | Lair:5   | 13479 ||| INVOKING Heroism.
 13513 | Lair:5   | Reached XP level 14. HP: 126/126 MP: 20/20
 13532 | Lair:5   | 13532 ||| INVOKING Heroism.
 13578 | Lair:5   | 13578 ||| FLEEEEING.
 13579 | Lair:5   | 13579 ||| FLEEEEING.
 13580 | Lair:5   | 13580 ||| FLEEEEING.
 13581 | Lair:5   | 13581 ||| FLEEEEING.
 13582 | Lair:5   | 13582 ||| FLEEEEING.
 13583 | Lair:5   | 13583 ||| FLEEEEING.
 13584 | Lair:5   | 13584 ||| FLEEEEING.
 13585 | Lair:5   | 13585 ||| FLEEEEING.
 13586 | Lair:5   | 13586 ||| INVOKING Heroism.
 13604 | Lair:5   | Reached skill level 13 in Fighting
 13630 | Lair:5   | HP: 27/129 [skyshark (6)]
 13631 | Lair:5   | 13631 ||| READING 10 scrolls of teleportation.
 13632 | Lair:5   | 13632 ||| DRINKING 3 potions of heal wounds.
 13646 | Lair:5   | 13646 ||| INVOKING Heroism.
 13749 | Lair:5   | 13749 ||| INVOKING Heroism.
 13866 | Lair:5   | 13866 ||| INVOKING Heroism.
 14094 | Lair:5   | 14094 ||| FLEEEEING.
 14106 | Lair:5   | 14106 ||| INVOKING Heroism.
 14632 | Lair:5   | 14632 ||| PLANNING D:1-11
 14912 | D:11     | 14912 ||| Stepping ~*~*~tactically~*~*~ (outnumbered).
 14914 | D:11     | 14914 ||| FLEEEEING.
 14918 | D:11     | 14918 ||| FLEEEEING.
 14919 | D:11     | 14919 ||| FLEEEEING.
 14920 | D:11     | 14920 ||| FLEEEEING.
 14921 | D:11     | 14921 ||| FLEEEEING.
 14922 | D:11     | 14922 ||| FLEEEEING.
 14923 | D:11     | 14923 ||| FLEEEEING.
 14924 | D:11     | 14924 ||| FLEEEEING.
 14925 | D:11     | 14925 ||| FLEEEEING.
 14926 | D:11     | 14926 ||| FLEEEEING.
 14927 | D:11     | 14927 ||| FLEEEEING.
 14952 | D:11     | Identified the ring "Nemicw" {Will+ AC+4 Dex+6}
 14983 | D:11     | 14983 ||| INVOKING Heroism.
 15247 | D:11     | Found a portal to a secret trove of treasure.
 15308 | D:11     | 15308 ||| INVOKING Heroism.
 15357 | D:11     | Noticed Snorg
 15358 | D:11     | 15358 ||| INVOKING Heroism.
 15364 | D:11     | Killed Snorg
 15480 | D:11     | 15480 ||| PLANNING D
 15480 | D:11     | 15480 ||| DROPPING +4 ring of protection.
 15481 | D:11     | 15481 ||| DROPPING ring of fire.
 15482 | D:11     | 15482 ||| UPGRADING to ring "Nemicw" {Will+ AC+4 Dex+6}.
 15484 | D:11     | 15484 ||| DROPPING ring of poison resistance.
 15485 | D:11     | 15485 ||| READING 14 scrolls of identify.
 15485 | D:11     | 15485 ||| IDENTIFYING amethyst potion
 15486 | D:11     | 15486 ||| DRINKING potion of experience.
 15486 | D:11     | Reached XP level 15. HP: 136/136 MP: 21/21
 15575 | D:12     | 15575 ||| INVOKING Heroism.
 15581 | D:12     | Reached skill level 12 in Dodging
 15597 | D:12     | 15597 ||| READING 10 scrolls of teleportation.
 15783 | D:12     | Reached skill level 14 in Fighting
 15817 | D:12     | 15817 ||| INVOKING Heroism.
 15927 | D:12     | 15927 ||| READING scroll of enchant weapon.
 15927 | D:12     | 15927 ||| ENCHANTING +6 heavy longbow.
 16150 | D:12     | 16150 ||| READING 18 scrolls of identify.
 16150 | D:12     | 16150 ||| IDENTIFYING smoky puce potion
 16172 | D:13     | 16172 ||| STAIRDANCE
 16192 | D:13     | 16192 ||| STAIRDANCE
 16234 | D:13     | 16234 ||| INVOKING Heroism.
 16275 | D:13     | 16275 ||| FLEEEEING.
 16276 | D:13     | 16276 ||| STAIRDANCE
 16316 | D:13     | 16316 ||| FLEEEEING.
 16317 | D:13     | 16317 ||| FLEEEEING.
 16318 | D:13     | 16318 ||| STAIRDANCE
 16359 | D:13     | 16359 ||| FLEEEEING.
 16360 | D:13     | 16360 ||| FLEEEEING.
 16361 | D:13     | 16361 ||| FLEEEEING.
 16363 | D:13     | 16363 ||| FLEEEEING.
 16364 | D:13     | 16364 ||| FLEEEEING.
 16365 | D:13     | 16365 ||| FLEEEEING.
 16366 | D:13     | 16366 ||| FLEEEEING.
 16367 | D:13     | 16367 ||| STAIRDANCE
 16395 | D:13     | 16395 ||| STAIRDANCE
 16411 | D:13     | 16411 ||| STAIRDANCE
 16442 | D:13     | Received a gift from Okawaru
 16515 | D:13     | 16515 ||| Stepping randomly (disturbance).
 16516 | D:13     | 16516 ||| Stepping randomly (disturbance).
 16522 | D:13     | 16522 ||| Stepping randomly (disturbance).
 16543 | D:13     | Found a runed translucent door.
 16544 | D:13     | Noticed a frost giant
 16547 | D:13     | Found a runed translucent door.
 16553 | D:13     | Noticed a lich
 16555 | D:13     | Noticed qw's ghost (journeyman GrHs)
 16638 | D:13     | Found a gate to the Vaults.
 16935 | D:13     | 16935 ||| INVOKING Heroism.
 16950 | D:13     | 16950 ||| Stepping ~*~*~tactically~*~*~ (cloud).
 16952 | D:13     | Reached XP level 16. HP: 61/147 MP: 22/22
 16952 | D:13     | 16952 ||| FLEEEEING.
 16976 | D:13     | 16976 ||| FLEEEEING.
 16977 | D:13     | 16977 ||| FLEEEEING.
 16978 | D:13     | 16978 ||| FLEEEEING.
 17007 | D:13     | 17007 ||| FLEEEEING.
 17120 | D:13     | 17120 ||| Stepping ~*~*~tactically~*~*~ (outnumbered).
 17123 | D:13     | Reached skill level 15 in Fighting
 17135 | D:13     | 17135 ||| Stepping ~*~*~tactically~*~*~ (outnumbered).
 17137 | D:13     | 17137 ||| Stepping ~*~*~tactically~*~*~ (outnumbered).
 17138 | D:13     | 17138 ||| Stepping ~*~*~tactically~*~*~ (outnumbered).
 17182 | D:13     | 17182 ||| INVOKING Heroism.
 17183 | D:13     | 17183 ||| INVOKING Finesse.
 17185 | D:13     | 17185 ||| DROPPING +0 acid dragon scales.
 17188 | D:13     | 17188 ||| UPGRADING to +0 troll leather armour.
 17206 | D:13     | 17206 ||| DROPPING +1 ring mail of cold resistance.
 17207 | D:13     | 17207 ||| DROPPING +0 steam dragon scales.
 17208 | D:13     | 17208 ||| DROPPING ring of protection from fire.
 17212 | D:13     | 17212 ||| INVOKING Heroism.
 17386 | D:14     | 17386 ||| INVOKING Heroism.
 17398 | D:14     | Noticed Josephine
 17407 | D:14     | Killed Josephine
 17551 | D:14     | Identified the +0 ring mail of Hedge Wizardry {Int+4}
 17586 | D:14     | 17586 ||| Stepping ~*~*~tactically~*~*~ (outnumbered).
 17594 | D:14     | 17594 ||| Stepping ~*~*~tactically~*~*~ (outnumbered).
 17667 | D:14     | Noticed Louise
 17668 | D:14     | 17668 ||| Stepping ~*~*~tactically~*~*~ (outnumbered).
 17669 | D:14     | 17669 ||| INVOKING Heroism.
 17670 | D:14     | 17670 ||| Stepping ~*~*~tactically~*~*~ (outnumbered).
 17671 | D:14     | 17671 ||| Stepping ~*~*~tactically~*~*~ (outnumbered).
 17672 | D:14     | 17672 ||| INVOKING Finesse.
 17679 | D:14     | Killed Louise
 17869 | D:14     | 17869 ||| INVOKING Heroism.
 17873 | D:14     | Reached skill level 15 in Dodging
 18139 | D:14     | 18139 ||| DROPPING +0 ring mail of Hedge Wizardry {Int+4}.
 18140 | D:14     | 18140 ||| READING scroll labelled JUORUL PUIMN.
 18199 | D:15     | Entered Level 15 of the Dungeon
 18224 | D:15     | 18224 ||| Stepping ~*~*~tactically~*~*~ (outnumbered).
 18225 | D:15     | Noticed Azrael
 18227 | D:15     | 18227 ||| INVOKING Heroism.
 18228 | D:15     | 18228 ||| Stepping ~*~*~tactically~*~*~ (outnumbered).
 18232 | D:15     | Killed Azrael
 18383 | D:15     | 18383 ||| INVOKING Heroism.
 18818 | D:15     | 18818 ||| Stepping ~*~*~tactically~*~*~ (outnumbered).
 18822 | D:15     | Reached skill level 16 in Fighting
 18822 | D:15     | 18822 ||| INVOKING Heroism.
 18839 | D:15     | Found a staircase to the Depths.
 18936 | D:15     | 18936 ||| PLANNING ORC
 19133 | Orc:1    | Entered Level 1 of the Orcish Mines
 19227 | Orc:1    | Received a gift from Okawaru
 19524 | Orc:2    | Entered Level 2 of the Orcish Mines
 19534 | Orc:2    | 19534 ||| STAIRDANCE
 19552 | Orc:2    | 19552 ||| INVOKING Heroism.
 19642 | Orc:2    | Found Noent's Self-Improvement Boutique.
 19667 | Orc:2    | Found a staircase to the Elven Halls.
 19704 | Orc:2    | 19704 ||| Stepping ~*~*~tactically~*~*~ (outnumbered).
 19709 | Orc:2    | 19709 ||| INVOKING Heroism.
 19718 | Orc:2    | 19718 ||| Stepping ~*~*~tactically~*~*~ (outnumbered).
 19736 | Orc:2    | 19736 ||| Stepping ~*~*~tactically~*~*~ (outnumbered).
 19738 | Orc:2    | 19738 ||| Stepping ~*~*~tactically~*~*~ (outnumbered).
 19794 | Orc:2    | 19794 ||| INVOKING Heroism.
 19811 | Orc:2    | 19811 ||| INVOKING Heroism.
 19813 | Orc:2    | 19813 ||| Stepping ~*~*~tactically~*~*~ (outnumbered).
 19814 | Orc:2    | 19814 ||| Stepping ~*~*~tactically~*~*~ (outnumbered).
 19820 | Orc:2    | 19820 ||| Stepping ~*~*~tactically~*~*~ (outnumbered).
 19821 | Orc:2    | 19821 ||| Stepping ~*~*~tactically~*~*~ (outnumbered).
 19829 | Orc:2    | 19829 ||| Stepping ~*~*~tactically~*~*~ (outnumbered).
 19833 | Orc:2    | Received a gift from Okawaru
 19855 | Orc:2    | 19855 ||| INVOKING Heroism.
 19881 | Orc:2    | Found Daostuicvu's Assorted Antiques.
 19881 | Orc:2    | Found Qarhaomo's General Store.
 19882 | Orc:2    | Found Bolurea's Magic Scroll Shoppe.
 19882 | Orc:2    | Found Tiuwnev's Distillery.
 19891 | Orc:2    | 19891 ||| BUYING scroll of teleportation (45 gold).
 19891 | Orc:2    | Bought a scroll of teleportation for 45 gold pieces
 19891 | Orc:2    | 19891 ||| BUYING scroll of teleportation (45 gold).
 19891 | Orc:2    | Bought a scroll of teleportation for 45 gold pieces
 19891 | Orc:2    | 19891 ||| BUYING scroll of teleportation (45 gold).
 19891 | Orc:2    | Bought a scroll of teleportation for 45 gold pieces
 19891 | Orc:2    | 19891 ||| BUYING scroll of teleportation (45 gold).
 19891 | Orc:2    | Bought a scroll of teleportation for 45 gold pieces
 19893 | Orc:2    | 19893 ||| BUYING potion of curing (42 gold).
 19893 | Orc:2    | Bought a potion of curing for 42 gold pieces
 19893 | Orc:2    | 19893 ||| BUYING potion of enlightenment (70 gold).
 19893 | Orc:2    | Bought a potion of enlightenment for 70 gold pieces
 19893 | Orc:2    | 19893 ||| BUYING potion of might (56 gold).
 19893 | Orc:2    | Bought a potion of might for 56 gold pieces
 19894 | Orc:2    | 19894 ||| BUYING murky pink potion (21 gold).
 19894 | Orc:2    | Bought a murky pink potion for 21 gold pieces
 19894 | Orc:2    | 19894 ||| BUYING runed robe (88 gold).
 19894 | Orc:2    | Bought a runed robe for 88 gold pieces
 20036 | Orc:2    | 20036 ||| INVOKING Heroism.
 20038 | Orc:2    | Reached skill level 17 in Fighting
 20225 | Orc:2    | 20225 ||| PLANNING SNAKE:1-3
 20225 | Orc:2    | 20225 ||| DROPPING +2 robe of willpower.
 20226 | Orc:2    | 20226 ||| READING 18 scrolls of identify.
 20226 | Orc:2    | 20226 ||| IDENTIFYING murky pink potion
 20227 | Orc:2    | 20227 ||| DROPPING potion of lignification.
 20442 | Snake:1  | Entered Level 1 of the Snake Pit
 20471 | Snake:1  | Found Kofayfi's Armour Shop.
 20480 | Snake:1  | Found Utuomati's Assorted Antiques.
 20486 | Snake:1  | 20486 ||| BUYING potion of heal wounds (195 gold).
 20486 | Snake:1  | Bought a potion of heal wounds for 195 gold pieces
 20493 | Snake:1  | Noticed Asterion
 20494 | Snake:1  | 20494 ||| INVOKING Heroism.
 20506 | Snake:1  | Killed Asterion
 20609 | Snake:1  | 20609 ||| INVOKING Heroism.
 20707 | Snake:1  | 20707 ||| INVOKING Heroism.
 20726 | Snake:1  | Reached XP level 17. HP: 161/161 MP: 23/23
 20922 | Snake:1  | Identified the +4 eveningstar of Doom {heavy, rPois rC+}
                  | (Okawaru gifted it to you on level 1 of the Snake Pit)
 20922 | Snake:1  | Received a gift from Okawaru
 21100 | Snake:1  | Noticed Aizul
 21101 | Snake:1  | 21101 ||| INVOKING Heroism.
 21102 | Snake:1  | 21102 ||| INVOKING Finesse.
 21109 | Snake:1  | Killed Aizul
 21406 | Snake:2  | 21406 ||| READING scroll of enchant armour.
 21406 | Snake:2  | 21406 ||| ENCHANTING +1 pair of gloves.
 21416 | Snake:2  | 21416 ||| Stepping ~*~*~tactically~*~*~ (outnumbered).
 21418 | Snake:2  | 21418 ||| Stepping ~*~*~tactically~*~*~ (outnumbered).
 21420 | Snake:2  | 21420 ||| Stepping ~*~*~tactically~*~*~ (outnumbered).
 21423 | Snake:2  | 21423 ||| Stepping ~*~*~tactically~*~*~ (outnumbered).
 21429 | Snake:2  | 21429 ||| Stepping ~*~*~tactically~*~*~ (outnumbered).
 21433 | Snake:2  | 21433 ||| Stepping ~*~*~tactically~*~*~ (outnumbered).
 21444 | Snake:2  | Reached skill level 18 in Fighting
 21759 | Snake:2  | 21759 ||| INVOKING Heroism.
 21829 | Snake:2  | 21829 ||| Stepping ~*~*~tactically~*~*~ (outnumbered).
 21831 | Snake:2  | 21831 ||| Stepping ~*~*~tactically~*~*~ (outnumbered).
 21833 | Snake:2  | 21833 ||| INVOKING Heroism.
 21837 | Snake:2  | 21837 ||| Stepping ~*~*~tactically~*~*~ (outnumbered).
 22042 | Snake:2  | 22042 ||| Stepping ~*~*~tactically~*~*~ (outnumbered).
 22044 | Snake:2  | 22044 ||| Stepping ~*~*~tactically~*~*~ (outnumbered).
 22046 | Snake:2  | 22046 ||| Stepping ~*~*~tactically~*~*~ (outnumbered).
 22122 | Snake:2  | You fall into a shaft and drop 1 floor!
 22305 | Snake:3  | Reached skill level 18 in Dodging
 22345 | Snake:3  | Found Hecuwus's Armour Shoppe.
 22351 | Snake:3  | 22351 ||| Stepping ~*~*~tactically~*~*~ (outnumbered).
 22352 | Snake:3  | 22352 ||| INVOKING Heroism.
 22362 | Snake:3  | Received a gift from Okawaru
 22364 | Snake:3  | Reached skill level 9 in Armour
 22368 | Snake:3  | 22368 ||| DROPPING +0 longbow of flaming.
 22378 | Snake:3  | 22378 ||| READING scroll labelled TUETWA LICOL.
 22393 | Snake:2  | 22393 ||| Stepping ~*~*~tactically~*~*~ (outnumbered).
 23058 | Snake:3  | 23058 ||| PLANNING SWAMP:1-3
 23257 | Swamp:1  | Entered Level 1 of the Swamp
 23260 | Swamp:1  | 23260 ||| STAIRDANCE
 23295 | Swamp:1  | 23295 ||| INVOKING Heroism.
 23297 | Swamp:1  | 23297 ||| Stepping ~*~*~tactically~*~*~ (outnumbered).
 23309 | Swamp:1  | Reached skill level 19 in Fighting
 23325 | Swamp:1  | 23325 ||| Stepping ~*~*~tactically~*~*~ (water).
 23326 | Swamp:1  | 23326 ||| INVOKING Heroism.
 23328 | Swamp:1  | 23328 ||| Stepping ~*~*~tactically~*~*~ (water).
 23330 | Swamp:1  | 23330 ||| Stepping ~*~*~tactically~*~*~ (water).
 23384 | Swamp:1  | 23384 ||| INVOKING Heroism.
 23386 | Swamp:1  | Noticed Nikola
 23386 | Swamp:1  | 23386 ||| Stepping ~*~*~tactically~*~*~ (outnumbered).
 23387 | Swamp:1  | 23387 ||| Stepping ~*~*~tactically~*~*~ (outnumbered).
 23397 | Swamp:1  | 23397 ||| INVOKING Finesse.
 23401 | Swamp:1  | Killed Nikola
 23567 | Swamp:1  | 23567 ||| INVOKING Heroism.
 23728 | Swamp:2  | 23728 ||| Stepping ~*~*~tactically~*~*~ (water).
 23735 | Swamp:2  | 23735 ||| READING scroll of enchant armour.
 23735 | Swamp:2  | 23735 ||| ENCHANTING +0 cloak.
 23760 | Swamp:2  | 23760 ||| INVOKING Heroism.
 23762 | Swamp:2  | Identified the +2 troll leather armour "Zoimnot" {Harm
                  | Will++ Regen+ SInv Stlth-} (Okawaru gifted it to you on
                  | level 2 of the Swamp)
 23762 | Swamp:2  | Received a gift from Okawaru
 23805 | Swamp:2  | 23805 ||| Stepping ~*~*~tactically~*~*~ (cloud).
 23808 | Swamp:2  | 23808 ||| Stepping ~*~*~tactically~*~*~ (cloud).
 23809 | Swamp:2  | 23809 ||| Stepping ~*~*~tactically~*~*~ (water).
 23819 | Swamp:2  | 23819 ||| INVOKING Heroism.
 23882 | Swamp:2  | Found a transporter.
 23889 | Swamp:2  | 23889 ||| INVOKING Heroism.
 23918 | Swamp:2  | Found a one-way gate to the infinite horrors of the Abyss.
 23918 | Swamp:2  | Noticed Ricegish's ghost (adept GnFi)
 23944 | Swamp:2  | 23944 ||| INVOKING Heroism.
 23953 | Swamp:2  | Reached XP level 18. HP: 169/176 MP: 22/24
 23969 | Swamp:2  | Found a transporter.
 23986 | Swamp:2  | 23986 ||| INVOKING Heroism.
 24179 | Swamp:2  | 24179 ||| UPGRADING to amulet of reflection.
 24189 | Swamp:2  | 24189 ||| DROPPING amulet of regeneration.
 24204 | Swamp:3  | 24204 ||| INVOKING Heroism.
 24222 | Swamp:3  | 24222 ||| Stepping ~*~*~tactically~*~*~ (water).
 24237 | Swamp:3  | Reached skill level 20 in Fighting
 24239 | Swamp:3  | 24239 ||| Stepping ~*~*~tactically~*~*~ (water).
 24249 | Swamp:3  | 24249 ||| INVOKING Heroism.
 24269 | Swamp:3  | 24269 ||| INVOKING Heroism.
 24298 | Swamp:3  | 24298 ||| Stepping ~*~*~tactically~*~*~ (water).
 24306 | Swamp:3  | 24306 ||| INVOKING Heroism.
 24375 | Swamp:3  | 24375 ||| READING scroll of enchant weapon.
 24375 | Swamp:3  | 24375 ||| ENCHANTING +7 heavy longbow.
 24492 | Swamp:3  | 24492 ||| READING scroll of enchant weapon.
 24492 | Swamp:3  | 24492 ||| ENCHANTING +8 heavy longbow.
 24635 | Swamp:3  | 24635 ||| PLANNING SNAKE:4
 24635 | Swamp:3  | 24635 ||| DROPPING +6 ring of strength.
 24792 | Snake:4  | Entered Level 4 of the Snake Pit
 24795 | Snake:4  | 24795 ||| FLEEEEING.
 24796 | Snake:4  | 24796 ||| STAIRDANCE
 24902 | Snake:4  | 24902 ||| STAIRDANCE
 24967 | Snake:4  | 24967 ||| INVOKING Heroism.
 24992 | Snake:4  | 24992 ||| STAIRDANCE
 25084 | Snake:4  | Identified the +0 ring mail of Viah {rCorr Dex+3}
 25090 | Snake:4  | 25090 ||| Stepping ~*~*~tactically~*~*~ (outnumbered).
 25095 | Snake:4  | 25095 ||| Stepping ~*~*~tactically~*~*~ (outnumbered).
 25163 | Snake:4  | 25163 ||| INVOKING Heroism.
 25181 | Snake:4  | 25181 ||| Stepping ~*~*~tactically~*~*~ (outnumbered).
 25295 | Snake:4  | 25295 ||| Stepping ~*~*~tactically~*~*~ (outnumbered).
 25297 | Snake:4  | 25297 ||| Stepping ~*~*~tactically~*~*~ (outnumbered).
 25316 | Snake:4  | 25316 ||| Stepping ~*~*~tactically~*~*~ (outnumbered).
 25318 | Snake:4  | 25318 ||| Stepping ~*~*~tactically~*~*~ (outnumbered).
 25320 | Snake:4  | 25320 ||| INVOKING Heroism.
 25369 | Snake:4  | 25369 ||| Stepping ~*~*~tactically~*~*~ (outnumbered).
 25372 | Snake:4  | 25372 ||| INVOKING Heroism.
 25373 | Snake:4  | 25373 ||| Stepping ~*~*~tactically~*~*~ (outnumbered).
 25377 | Snake:4  | Reached skill level 21 in Fighting
 25412 | Snake:4  | Identified the +4 scale mail of Pride {+Inv Will+ rCorr}
                  | (Okawaru gifted it to you on level 4 of the Snake Pit)
 25412 | Snake:4  | Received a gift from Okawaru
 25559 | Snake:4  | Got a serpentine rune of Zot
 25626 | Snake:4  | 25626 ||| INVOKING Heroism.
 25631 | Snake:4  | 25631 ||| Stepping ~*~*~tactically~*~*~ (outnumbered).
 25779 | Snake:4  | 25779 ||| Stepping ~*~*~tactically~*~*~ (outnumbered).
 26031 | Snake:4  | 26031 ||| PLANNING VAULTS:1-4
 26031 | Snake:4  | 26031 ||| UPGRADING to +2 troll leather armour "Zoimnot"
                  | {Harm Will++ Regen+ SInv Stlth-}.
 26041 | Snake:4  | 26041 ||| DROPPING +0 ring mail of Viah {rCorr Dex+3}.
 26042 | Snake:4  | 26042 ||| DROPPING +1 pair of boots.
 26281 | Vaults:1 | Entered Level 1 of the Vaults
 26316 | Vaults:1 | 26316 ||| INVOKING Heroism.
 26317 | Vaults:1 | 26317 ||| INVOKING Finesse.
 26378 | Vaults:1 | Reached skill level 21 in Dodging
 26398 | Vaults:1 | 26398 ||| DRINKING 3 potions of resistance.
 26411 | Vaults:1 | Reached XP level 19. HP: 148/189 MP: 25/25
 26469 | Vaults:1 | 26469 ||| INVOKING Heroism.
 26470 | Vaults:1 | 26470 ||| INVOKING Finesse.
 26587 | Vaults:1 | 26587 ||| INVOKING Heroism.
 26750 | Vaults:1 | 26750 ||| Stepping ~*~*~tactically~*~*~ (outnumbered).
 26764 | Vaults:1 | Reached skill level 22 in Fighting
 26955 | Vaults:1 | 26955 ||| DRINKING 2 potions of resistance.
 26997 | Vaults:1 | 26997 ||| Stepping ~*~*~tactically~*~*~ (outnumbered).
 27002 | Vaults:1 | 27002 ||| Stepping ~*~*~tactically~*~*~ (outnumbered).
 27033 | Vaults:1 | 27033 ||| INVOKING Heroism.
 27035 | Vaults:1 | 27035 ||| INVOKING Finesse.
 27037 | Vaults:1 | 27037 ||| INVOKING Finesse.
 27186 | Vaults:1 | 27186 ||| DRINKING potion of resistance.
 27212 | Vaults:1 | 27212 ||| Stepping ~*~*~tactically~*~*~ (outnumbered).
 27255 | Vaults:1 | 27255 ||| INVOKING Heroism.
 27454 | Vaults:1 | 27454 ||| INVOKING Heroism.
 27455 | Vaults:1 | 27455 ||| INVOKING Finesse.
 27457 | Vaults:1 | Received a gift from Okawaru
 27496 | Vaults:1 | 27496 ||| DROPPING scarf of harm.
 27511 | Vaults:2 | 27511 ||| INVOKING Finesse.
 27652 | Vaults:2 | 27652 ||| INVOKING Heroism.
 27653 | Vaults:2 | 27653 ||| INVOKING Finesse.
 27737 | Vaults:2 | 27737 ||| INVOKING Heroism.
 27873 | Vaults:2 | Noticed Jory
 27874 | Vaults:2 | 27874 ||| INVOKING Heroism.
 27878 | Vaults:2 | Killed Jory
 27972 | Vaults:2 | 27972 ||| INVOKING Heroism.
 28016 | Vaults:2 | 28016 ||| INVOKING Heroism.
 28345 | Vaults:2 | Reached skill level 23 in Fighting
 28464 | Vaults:2 | 28464 ||| INVOKING Heroism.
 28583 | Vaults:2 | 28583 ||| Stepping ~*~*~tactically~*~*~ (outnumbered).
 28584 | Vaults:2 | 28584 ||| Stepping ~*~*~tactically~*~*~ (outnumbered).
 28854 | Vaults:2 | Noticed Donald
 28855 | Vaults:2 | 28855 ||| INVOKING Heroism.
 28858 | Vaults:2 | Killed Donald
 29037 | Vaults:3 | Found a large runed translucent door.
 29037 | Vaults:3 | Found a large runed translucent door.
 29037 | Vaults:3 | Found a large runed translucent door.
 29037 | Vaults:3 | Found a large runed translucent door.
 29037 | Vaults:3 | Found a large runed translucent door.
 29037 | Vaults:3 | Found a large runed translucent door.
 29037 | Vaults:3 | Found a large runed translucent door.
 29037 | Vaults:3 | Found a large runed translucent door.
 29037 | Vaults:3 | Noticed SlowGraham's ghost (legendary KoMo)
 29191 | Vaults:3 | 29191 ||| INVOKING Heroism.
 29192 | Vaults:3 | 29192 ||| INVOKING Finesse.
 29196 | Vaults:3 | Reached XP level 20. HP: 160/206 MP: 18/26
 29269 | Vaults:3 | 29269 ||| INVOKING Heroism.
 29344 | Vaults:3 | Reached skill level 24 in Fighting
 29349 | Vaults:3 | 29349 ||| INVOKING Heroism.
 29423 | Vaults:3 | 29423 ||| INVOKING Heroism.
 29430 | Vaults:3 | Reached skill level 12 in Armour
 29561 | Vaults:3 | 29561 ||| Stepping ~*~*~tactically~*~*~ (outnumbered).
 29563 | Vaults:3 | 29563 ||| Stepping ~*~*~tactically~*~*~ (outnumbered).
 29729 | Vaults:3 | Found a staircase to the Crypt.
 29763 | Vaults:3 | 29763 ||| INVOKING Heroism.
 29764 | Vaults:3 | 29764 ||| INVOKING Finesse.
 29916 | Vaults:3 | 29916 ||| Stepping ~*~*~tactically~*~*~ (outnumbered).
 29918 | Vaults:3 | 29918 ||| Stepping ~*~*~tactically~*~*~ (outnumbered).
 29920 | Vaults:3 | 29920 ||| Stepping ~*~*~tactically~*~*~ (outnumbered).
 29922 | Vaults:3 | 29922 ||| Stepping ~*~*~tactically~*~*~ (outnumbered).
 29935 | Vaults:3 | 29935 ||| Stepping ~*~*~tactically~*~*~ (outnumbered).
 30146 | Vaults:3 | Identified the ring of Guaguplemyr {EV+5 Str+5}
 30329 | Vaults:3 | 30329 ||| DROPPING amulet of the acrobat.
 30330 | Vaults:3 | 30330 ||| DROPPING ring of Guaguplemyr {EV+5 Str+5}.
 30522 | Vaults:4 | Found Holishremm's Jewellery Shoppe.
 30538 | Vaults:4 | 30538 ||| FLEEEEING.
 30539 | Vaults:4 | 30539 ||| FLEEEEING.
 30541 | Vaults:4 | 30541 ||| FLEEEEING.
 30542 | Vaults:4 | 30542 ||| FLEEEEING.
 30572 | Vaults:4 | 30572 ||| SWAPPING to +0 triple crossbow.
 30573 | Vaults:4 | 30573 ||| DROPPING +9 heavy longbow.
 30574 | Vaults:4 | 30574 ||| READING 2 scrolls of enchant weapon.
 30574 | Vaults:4 | 30574 ||| ENCHANTING +0 triple crossbow.
 30575 | Vaults:4 | 30575 ||| READING scroll of enchant weapon.
 30575 | Vaults:4 | 30575 ||| ENCHANTING +1 triple crossbow.
 30756 | Vaults:4 | Found a large runed translucent door.
 30756 | Vaults:4 | Found a large runed translucent door.
 30757 | Vaults:4 | Noticed qw's ghost (adept GrFi)
 30802 | Vaults:4 | Identified the ring of Equilibrium {rCorr Str+4 Stlth+}
 30836 | Vaults:4 | Received a gift from Okawaru
 30838 | Vaults:4 | 30838 ||| DROPPING +1 heavy longbow.
 30908 | Vaults:4 | Noticed Mennas
 30909 | Vaults:4 | 30909 ||| INVOKING Heroism.
 30910 | Vaults:4 | 30910 ||| INVOKING Finesse.
 30935 | Vaults:4 | Killed Mennas
 31002 | Vaults:4 | 31002 ||| READING 2 scrolls of acquirement.
 31002 | Vaults:4 | 31002 ||| ACQUIRING +2 cloak of Fallacy {*Slow rElec Will+}
 31002 | Vaults:4 | Acquired the +2 cloak of Fallacy {*Slow rElec Will+}
 31004 | Vaults:4 | 31004 ||| UPGRADING to +2 cloak of Fallacy {*Slow rElec
                  | Will+}.
 31014 | Vaults:4 | 31014 ||| UPGRADING to +0 troll leather armour.
 31024 | Vaults:4 | 31024 ||| READING scroll of acquirement.
 31024 | Vaults:4 | 31024 ||| ACQUIRING +1 hat of willpower
 31024 | Vaults:4 | Acquired a +1 hat of willpower
 31026 | Vaults:4 | 31026 ||| UPGRADING to +1 hat of willpower.
 31173 | Vaults:4 | 31173 ||| Stepping ~*~*~tactically~*~*~ (outnumbered).
 31294 | Vaults:4 | Noticed Bai Suzhen
 31311 | Vaults:4 | Killed Bai Suzhen
 31508 | Vaults:4 | 31508 ||| PLANNING SWAMP:4
 31508 | Vaults:4 | 31508 ||| DROPPING ring of Equilibrium {rCorr Str+4
                  | Stlth+}.
 31781 | Swamp:4  | Entered Level 4 of the Swamp
 31783 | Swamp:4  | Reached skill level 21 in Ranged Weapons
 31796 | Swamp:4  | 31796 ||| STAIRDANCE
 31827 | Swamp:4  | 31827 ||| Stepping ~*~*~tactically~*~*~ (outnumbered).
 31859 | Swamp:4  | 31859 ||| Stepping ~*~*~tactically~*~*~ (water).
 31860 | Swamp:4  | 31860 ||| INVOKING Heroism.
 31924 | Swamp:4  | 31924 ||| FLEEEEING.
 31925 | Swamp:4  | 31925 ||| FLEEEEING.
 31926 | Swamp:4  | 31926 ||| STAIRDANCE
 31950 | Swamp:4  | 31950 ||| INVOKING Heroism.
 31951 | Swamp:4  | 31951 ||| INVOKING Finesse.
 32035 | Swamp:4  | 32035 ||| Stepping ~*~*~tactically~*~*~ (water).
 32037 | Swamp:4  | 32037 ||| Stepping ~*~*~tactically~*~*~ (water).
 32050 | Swamp:4  | 32050 ||| Stepping ~*~*~tactically~*~*~ (water).
 32057 | Swamp:4  | 32057 ||| Stepping ~*~*~tactically~*~*~ (water).
 32084 | Swamp:4  | 32084 ||| Stepping ~*~*~tactically~*~*~ (outnumbered).
 32086 | Swamp:4  | 32086 ||| Stepping ~*~*~tactically~*~*~ (outnumbered).
 32116 | Swamp:4  | 32116 ||| Stepping ~*~*~tactically~*~*~ (water).
 32127 | Swamp:4  | Gained mutation: Your body sometimes deteriorates upon
                  | taking damage. [a neqoxec]
 32130 | Swamp:4  | 32130 ||| Stepping ~*~*~tactically~*~*~ (water).
 32138 | Swamp:4  | Gained mutation: Your flesh is cold resistant. (rC+) [a
                  | neqoxec]
 32156 | Swamp:4  | 32156 ||| Stepping ~*~*~tactically~*~*~ (water).
 32157 | Swamp:4  | 32157 ||| DRINKING 2 potions of resistance.
 32159 | Swamp:4  | Gained mutation: Your spells are a little easier to cast,
                  | but a little less powerful. [a neqoxec]
 32159 | Swamp:4  | Gained mutation: You do not regenerate when monsters are
                  | visible. [a neqoxec]
 32175 | Swamp:4  | 32175 ||| INVOKING Heroism.
 32255 | Swamp:4  | 32255 ||| DRINKING 9 potions of mutation.
 32255 | Swamp:4  | Lost mutation: Your spells are a little easier to cast, but
                  | a little less powerful. [potion of mutation]
 32255 | Swamp:4  | Lost mutation: You do not regenerate when monsters are
                  | visible. [potion of mutation]
 32255 | Swamp:4  | Gained mutation: You are partially covered in iridescent
                  | scales. (AC +2) [potion of mutation]
 32255 | Swamp:4  | Lost mutation: Your flesh is cold resistant. (rC+) [potion
                  | of mutation]
 32255 | Swamp:4  | Lost mutation: Your body sometimes deteriorates upon taking
                  | damage. [potion of mutation]
 32275 | Swamp:4  | 32275 ||| DRINKING potion of resistance.
 32276 | Swamp:4  | 32276 ||| Stepping ~*~*~tactically~*~*~ (water).
 32301 | Swamp:4  | 32301 ||| Stepping ~*~*~tactically~*~*~ (water).
 32318 | Swamp:4  | Reached skill level 25 in Fighting
 32406 | Swamp:4  | 32406 ||| Stepping ~*~*~tactically~*~*~ (cloud).
 32418 | Swamp:4  | Received a gift from Okawaru
 32420 | Swamp:4  | 32420 ||| DROPPING +0 longbow of draining.
 32604 | Swamp:4  | 32604 ||| Stepping ~*~*~tactically~*~*~ (water).
 32606 | Swamp:4  | 32606 ||| Stepping ~*~*~tactically~*~*~ (water).
 32610 | Swamp:4  | 32610 ||| Stepping ~*~*~tactically~*~*~ (water).
 32618 | Swamp:4  | 32618 ||| INVOKING Heroism.
 32698 | Swamp:4  | Got a decaying rune of Zot
 32703 | Swamp:4  | 32703 ||| Stepping ~*~*~tactically~*~*~ (outnumbered).
 32705 | Swamp:4  | 32705 ||| Stepping ~*~*~tactically~*~*~ (outnumbered).
 32707 | Swamp:4  | 32707 ||| Stepping ~*~*~tactically~*~*~ (outnumbered).
 32711 | Swamp:4  | Reached XP level 21. HP: 217/217 MP: 27/27
 32711 | Swamp:4  | 32711 ||| Stepping ~*~*~tactically~*~*~ (outnumbered).
 32714 | Swamp:4  | 32714 ||| INVOKING Heroism.
 32906 | Swamp:4  | 32906 ||| PLANNING DEPTHS
 32923 | Swamp:4  | 32923 ||| INVOKING Heroism.
 32934 | Swamp:4  | 32934 ||| INVOKING Finesse.
 33203 | Depths:1 | Entered Level 1 of the Depths
 33204 | Depths:1 | 33204 ||| INVOKING Heroism.
 33221 | Depths:1 | 33221 ||| Stepping ~*~*~tactically~*~*~ (outnumbered).
 33225 | Depths:1 | HP: 55/220 [poisoned by a green ugly thing]
 33225 | Depths:1 | HP: 21/220 [spriggan berserker (illusionary)/+0 broad axe
                  | (7)]
 33226 | Depths:1 | 33226 ||| READING 27 scrolls of teleportation.
 33226 | Depths:1 | Mangled by a spriggan berserker (illusionary)

Levels and vault maps discovered:
D:1:      saegor_arrival_simple_c, layout_loops_ring,
          dreamdust_ecumenical_altar_drowned_temple, glass_columns_b,
          lexackson_kobold_supper
D:2:      layout_loops_corners, minmay_misc_feat_alley
D:3:      layout_loops_ring, mainiacjoe_overflow_concentric_impassable,
          mainiacjoe_overflow_24_doors, minmay_misc_feat_doors,
          hangedman_abyss_or_decor_lesser_grid, minivault_5, dk_noncrumbling_3,
          uniq_robin
D:4:      layout_rooms
D:5:      layout_basic, nicolae_overflow_squiral, temple_doors_e, uniq_menkaure,
          uniq_eustachio
D:6:      layout_basic, general_overflow_altar,
          pdpol_wu_jian_five_deadly_venoms, jmf_multi_god_temple, uniq_edmund
D:7:      layout_basic, mainiacjoe_overflow_surrounded_room, marbit_many_paths,
          cheibrodos_worm_habitat, serial_shops, shop, shop,
          nicolae_shop_waterfront, minmay_misc_feat_tiny, hangedman_decor_lopped
D:8:      layout_rooms, serial_corexii_hall, corexii_hall_statues_l,
          corexii_hall_statues_x, chequers_hall_statues_y,
          corexii_hall_statues_deadend, chequers_hall_statues_wall_a,
          corexii_hall_statues_i, uniq_pikel
D:9:      layout_basic, erik_orc_1, serial_shops, nicolae_shop_gibbet_a_chance
D:10:     layout_basic, good_gods_mini_temple, erik_lair_dragon,
          lightli_corner_chamber, uniq_amaemon, uniq_harold
D:11:     layout_loops_ring, nicolae_trove_entry_diagonal, uniq_snorg
D:12:     layout_irregular_city, eino_tiny_chamber
D:13:     layout_cave_pools, david_vaults_2, muffindrake_ghost_dual_entry,
          chequers_serial_rivers_marsh, nzn_random_ring
D:14:     minmay_recursive_quarters, layout_loops_ring, nicolae_two_hexagons,
          uniq_josephine, uniq_louise
D:15:     hangedman_depths_entry_try_elsewhere_first, layout_cave_pods,
          serial_column_ruins, column_ruins_grid_1, column_ruins_grid_2,
          column_ruins_columns_straight, column_ruins_grid_1,
          column_ruins_grid_3, minmay_stone_trees_small, uniq_azrael
Temple:   corrupted_temple
Lair:1:   cheibrodos_lair_river_kwai, layout_chaotic_city, grunt_megastairs_1,
          serial_bayou_shore_b
Lair:2:   layout_gridlike, portal_ice_cave_demonic_guard, st_stairs_6
Lair:3:   beargit_carnivore_pack, layout_cave_pods, skrybe_swamp_entry_bodies,
          guppyfry_snake_entry_garden, gauntlet_entry_generic, minivault_24,
          chequers_serial_rivers_marsh, grunt_forest_stairs_clearing
Lair:4:   layout_roguey, nicolae_slime_entry_field_trip,
          dreamdust_gnoll_shepherd, serial_bayou_shore_b, grunt_megastairs_4,
          lemuel_fruit_tree, lemuel_fruit_fields
Lair:5:   minmay_lair_end_enchanted_forest, layout_cave_pods
Swamp:1:  layout_basic_swamp, evilmike_swamp_ruin_house_2, swamp_pool4,
          uniq_nikola
Swamp:2:  layout_basic_swamp, gammafunk_ghost_abyssal_escape,
          evilmike_swamp_ruin_house_4, infiniplex_staircase_pool
Swamp:3:  layout_falls_marsh, evilmike_swamp_ruin_house_1, swamp_pool4
Swamp:4:  nzn_swamp_witches_coven, layout_basic_swamp, swamp_pool5,
          nicolae_swamp_spooky_pond
Snake:1:  layout_cave_pods, nicolae_snake_snake_lake, minmay_shoptagon,
          uniq_aizul, uniq_asterion
Snake:2:  layout_honeycomb, grunt_megastairs_3
Snake:3:  layout_cave_pods, serial_shops, shop, nrook_guardian_serpent_double
Snake:4:  grunt_snake_rune_pools, layout_cave_town, st_stairs_10
Orc:1:    layout_caves, nicolae_orc_pool_cavern
Orc:2:    st_orc_pillars, layout_diamond_mine, nicolae_shop_self_help
Vaults:1: v_pattern_2, vaults_room_grid, v_alt_pattern_5,
          hangedman_vaults_impose, nicolae_vaults_storage_closets_3,
          nicolae_vaults_shipping_containers_7, v_misc_12,
          hangedman_vaults_stream, nicolae_vaults_network_quincunx
          [nicolae_vaults_network_quincunx_subvault,
          nicolae_vaults_network_quincunx_subvault,
          nicolae_vaults_network_quincunx_subvault,
          nicolae_vaults_network_quincunx_subvault,
          nicolae_vaults_network_quincunx_subvault], ontoclasm_vaults_ligature,
          v_misc_8, nicolae_vaults_specimen_jars, nicolae_vaults_double_plus_1,
          vaults_mumra_lcd, layout_vaults_maze
Vaults:2: nicolae_vaults_more_shelving_1, ontoclasm_vaults_gateway,
          vaults_mumra_chevron, hangedman_vaults_slice, hangedman_vaults_slice,
          nicolae_vaults_mini_display_case, v_rooms_5,
          nicolae_vaults_wine_cellar, grunt_vaults_focal,
          grunt_vaults_hallway_short, nicolae_vaults_tetromino_L_1,
          layout_vaults_chaotic_city, uniq_jory, uniq_donald
Vaults:3: advil_vaults_ghost_lines, minmay_crypt_entry_simple_box,
          nicolae_vaults_arrows, nicolae_vaults_doubleplus_tesselated,
          serial_ice_b, vaults_room_door_hall, nicolae_vaults_six-pack,
          hangedman_vaults_slice, ontoclasm_vaults_idyll,
          grunt_vaults_hallway_long, nicolae_vaults_apartment_1,
          nicolae_vaults_hexular_roomagon, nicolae_vaults_trapezoid_3,
          layout_vaults_omnicross
Vaults:4: ebering_ghost_disaster_area, nicolae_vaults_yaktaur_gun_rack,
          v_misc_12, v_misc_17, serial_ice_g, nicolae_vaults_six-pack,
          v_rooms_2, grunt_vaults_hallway_long, hangedman_vaults_impose,
          grunt_vaults_bifocal, v_alt_pattern_2, layout_vaults_ring,
          serial_shops, nicolae_shop_statue_plus, uniq_mennas, uniq_bai_suzhen
Depths:1: layout_cave_pools, grunt_pan_entry_zigzag,
          chequers_serial_rivers_micro_a, serial_glass, glass_columns_c,
          glass_columns_a, hell_entry, nicolae_ashenzari_panopticon

Skill      XL: |  1  2  3  4  5  6  7  8  9 10 11 12 13 14 15 16 17 18 19 20 |
---------------+-------------------------------------------------------------+-----
Ranged Weapons | 3 4 5 7 8 10 11 13 15 16 19 20 22 | 22.0
Fighting       | 2 4 5 7 9 10 11 12 13 14 17 19 21 23 25 | 25.7
Armour         | 1 2 3 5 6 7 8 9 10 11 12 | 12.0
Dodging        | 3 4 5 6 7 8 9 11 13 16 19 21 22 | 22.0
Invocations    | 1 4 7 10 | 10.0
Spellcasting   | |  1.0
Hexes          | |  2.0

Action                     |  1- 3 |  4- 6 |  7- 9 | 10-12 | 13-15 | 16-18 | 19-21 || total
---------------------------+-------+-------+-------+-------+-------+-------+-------++-------
   Fire: Sling             |   160 |    78 |       |       |       |       |       ||   238
         Longbow           |       |    53 |   211 |   428 |   591 |  1155 |   429 ||  2867
         Triple crossbow   |       |       |       |       |       |       |   357 ||   357
 Invoke: Heroism           |       |       |     7 |    26 |    27 |    40 |    25 ||   125
         Finesse           |       |       |       |     1 |     2 |     5 |    10 ||    18
    Use: Scroll            |     2 |     7 |     7 |    11 |     7 |     7 |     5 ||    46
         Potion            |     1 |     4 |     1 |     1 |     2 |     1 |     5 ||    15
 Armour: Robe              |    11 |       |       |       |       |       |       ||    11
         Ring mail         |     4 |    29 |    30 |   119 |   155 |     6 |       ||   343
         Troll leather arm |       |       |       |       |       |    68 |    54 ||   122
  Dodge: Dodged            |    32 |    40 |    54 |   292 |   770 |   894 |   520 ||  2602
  Block: Other             |       |       |       |       |       |    66 |    87 ||   153
         Reflection        |       |       |       |       |       |     8 |    12 ||    20

Table legend:
 A = Non-vault XP
 B = Vault XP
 C = Vault XP percentage of total XP
 D = Non-vault monster count
 E = Vault monster count
 F = Vault count percentage of total count
                 A         B        C        D         E       F
            +---------+---------+-------+---------+---------+-------
      Total |  320861 |  231766 |  41.9 |     932 |     504 |  35.1
            +---------+---------+-------+---------+---------+-------
        D:1 |      35 |      12 |  25.5 |      21 |       9 |  30.0
        D:2 |      30 |       0 |   0.0 |      16 |       0 |   0.0
        D:3 |      58 |      37 |  38.9 |      24 |      12 |  33.3
        D:4 |     475 |       0 |   0.0 |      24 |       0 |   0.0
        D:5 |    1155 |     375 |  24.5 |      24 |       2 |   7.7
        D:6 |     880 |     229 |  20.6 |      14 |       2 |  12.5
        D:7 |     880 |      42 |   4.6 |      21 |       2 |   8.7
        D:8 |    3380 |     651 |  16.1 |      42 |       1 |   2.3
        D:9 |    1103 |     549 |  33.2 |      15 |      17 |  53.1
       D:10 |    3353 |    2993 |  47.2 |      19 |       7 |  26.9
       D:11 |    3262 |     945 |  22.5 |      18 |       1 |   5.3
       D:12 |    7343 |       0 |   0.0 |      23 |       0 |   0.0
       D:13 |    8796 |   10470 |  54.3 |      31 |      20 |  39.2
       D:14 |   11688 |    7416 |  38.8 |      20 |      15 |  42.9
       D:15 |    4388 |    4666 |  51.5 |      10 |      10 |  50.0
     Lair:1 |    7540 |    3071 |  28.9 |      39 |      11 |  22.0
     Lair:2 |    6677 |     813 |  10.9 |      26 |       3 |  10.3
     Lair:3 |    7501 |    2770 |  27.0 |      28 |      11 |  28.2
     Lair:4 |   10292 |    2684 |  20.7 |      34 |      16 |  32.0
     Lair:5 |   11823 |    8310 |  41.3 |      34 |      46 |  57.5
    Swamp:1 |   13884 |    2340 |  14.4 |      30 |       1 |   3.2
    Swamp:2 |   15687 |       0 |   0.0 |      27 |       0 |   0.0
    Swamp:3 |   15723 |       0 |   0.0 |      31 |       0 |   0.0
    Swamp:4 |   15679 |   33081 |  67.8 |      32 |      46 |  59.0
    Snake:1 |   15759 |    2347 |  13.0 |      35 |       2 |   5.4
    Snake:2 |   15252 |    2224 |  12.7 |      29 |       6 |  17.1
    Snake:3 |   23817 |     932 |   3.8 |      48 |       2 |   4.0
    Snake:4 |   24658 |   28200 |  53.4 |      58 |      45 |  43.7
      Orc:1 |    1399 |       0 |   0.0 |      20 |       0 |   0.0
      Orc:2 |    7763 |   11246 |  59.2 |      25 |      74 |  74.7
   Vaults:1 |   16442 |   31557 |  65.7 |      23 |      44 |  65.7
   Vaults:2 |   23378 |   20050 |  46.2 |      34 |      23 |  40.4
   Vaults:3 |   25142 |   27360 |  52.1 |      39 |      40 |  50.6
   Vaults:4 |    9039 |   21252 |  70.2 |      11 |      25 |  69.4
   Depths:1 |    6580 |       0 |   0.0 |       7 |       0 |   0.0
   Gauntlet |       0 |    5144 | 100.0 |       0 |      11 | 100.0
            +---------+---------+-------+---------+---------+-------
